 Dungeon Crawl Stone Soup version 0.22-a0-407-gb098539405 (webtiles) character file.

69 PikkenKukken the Skirmisher (level 4, -11/49 HPs)
             Began as an Ogre Abyssal Knight on May 9, 2018.
             Was a Believer of Lugonu.
             Mangled by kusayu's ghost (14 damage)
             ... on level 3 of the Dungeon.
             The game lasted 00:06:22 (1796 turns).

PikkenKukken the Skirmisher (Ogre Abyssal Knight)   Turns: 1796, Time: 00:06:22

Health: -11/49     AC:  2    Str: 16    XL:     4   Next: 20%
Magic:  5/5        EV: 10    Int: 13    God:    Lugonu [**....]
Gold:   101        SH:  0    Dex:  9    Spells: 3/3 levels left

rFire    . . .     SeeInvis .   a - +1 mace
rCold    . . .     Gourm    .   (no shield)
rNeg     . . .     Faith    .   b - +0 robe
rPois    .         Spirit   .   (helmet restricted)
rElec    .         Reflect  .   (no cloak)
rCorr    .         Harm     .   (gloves unavailable)
MR       .....                  (boots unavailable)
Stlth    +.........             (no amulet)
HPRegen  0.16/turn              (no ring)
MPRegen  0.09/turn              (no ring)

@: no status effects
A: large, unfitting armour, deformed body, tough skin 1, MP-powered wands
a: Depart the Abyss, Bend Space, Renounce Religion


You were on level 3 of the Dungeon.
You worshipped Lugonu.
Lugonu was pleased with you.
You were not hungry.

You visited 1 branch of the dungeon, and saw 3 of its levels.
You visited the Abyss 1 time.

You collected 101 gold pieces.

Inventory:

Hand Weapons
 a - a +1 mace (weapon)
 d - a +0 short sword of draining
Missiles
 h - 4 javelins (quivered)
 l - 8 tomahawks
Armour
 b - a +0 robe (worn)
Jewellery
 p - a +4 ring of strength {unknown}
Scrolls
 g - 3 scrolls of remove curse
 i - a scroll of identify
 j - a scroll of fog {unknown}
 k - a scroll of fear
 m - a scroll of blinking {unknown}
 q - a scroll of enchant armour {unknown}
 r - 2 scrolls of enchant weapon {unknown}
Potions
 e - a potion of mutation
 n - a potion of cancellation {unknown}
 o - a potion of lignification {unknown}
Comestibles
 c - 7 rations
 f - a chunk of flesh


   Skills:
 + Level 4.9 Fighting
 + Level 2.5 Maces & Flails
 * Level 1.2 Throwing
 + Level 2.7 Dodging
 + Level 2.0 Invocations


You had 3 spell levels left.
You didn't know any spells.

Dungeon Overview and Level Annotations

Branches:
Dungeon (3/15)

Altars:
Elyvilon
Hepliaklqana

Annotations:
D:3 kusayu's ghost, amateur GrFi


Innate Abilities, Weirdness & Mutations

You are too large for most types of armour.
You have tough skin. (AC +1)
Armour fits poorly on your strangely shaped body.
You expend magic power (3 MP) to strengthen your wands.


Message History

You are too injured to fight recklessly!
You hit kusayu's ghost.
Kusayu's ghost is heavily damaged.
Kusayu's ghost misses you.
You hit kusayu's ghost but do no damage.
Kusayu's ghost is heavily damaged.
Kusayu's ghost barely misses you.
You barely miss kusayu's ghost.
Kusayu's ghost is heavily damaged.
Kusayu's ghost hits you.
You hit kusayu's ghost but do no damage.
Kusayu's ghost is heavily damaged.
Kusayu's ghost hits you.
* * * LOW HITPOINT WARNING * * *
Kusayu's ghost hits you!
* * * LOW HITPOINT WARNING * * *
You hit kusayu's ghost but do no damage.
Kusayu's ghost is heavily damaged.
Kusayu's ghost hits you!
You die...

###.# (..##.#
#(.##.# #..##.#
#..##.# #(.##.#
#.###.# #W##..#
####@##..####
#...........##
#............####
#........##.....#
#######..###.##.#
..............#
....#......####
....#..##### ..
#..#


You could see kusayu's ghost.

Vanquished Creatures
  2 adders
  An ooze (D:2)
  A worm (D:2)
  A dart slug (D:1)
  3 leopard geckos
  An orc (D:3)
  3 giant cockroaches
  3 goblins
  3 hobgoblins
  2 quokkas
  3 bats
  5 frilled lizards
  6 kobolds
  6 rats
40 creatures vanquished.

Notes
Turn   | Place    | Note
-------+----------+-------------------------------------------
     0 | Abyss:1  | PikkenKukken the Ogre Abyssal Knight began the quest for the Orb.
     0 | Abyss:1  | Reached XP level 1. HP: 24/24 MP: 2/2
    47 | D:1      | Escaped the Abyss
   233 | D:1      | Reached XP level 2. HP: 33/33 MP: 3/3
   464 | D:1      | Gained mutation: Armour fits poorly on your strangely shaped body. [potion of mutation]
   464 | D:1      | Gained mutation: You expend magic power (3 MP) to strengthen your wands. [potion of mutation]
   850 | D:2      | Found a white marble altar of Elyvilon.
   904 | D:2      | Reached ** piety under Lugonu
   912 | D:2      | Reached XP level 3. HP: 30/40 MP: 4/4
  1485 | D:2      | Found a hazy altar of Hepliaklqana.
  1674 | D:3      | Reached skill level 1 in Throwing
  1674 | D:3      | Reached XP level 4. HP: 48/49 MP: 5/5
  1784 | D:3      | Noticed kusayu's ghost (amateur GrFi)
  1796 | D:3      | Mangled by kusayu's ghost

Vault maps used:
D:1:      scummos_arrival_simple_fountains
D:2:      lemuel_doored_altar, elyvilon_altar_1
D:3:      grunt_decor_clamped, grunt_ministairs_3, uniq_ijyb

Skill      XL: |  1  2  3 |
---------------+----------+-----
Maces & Flails | 2 |  2.5
Throwing       | 1 |  1.2
Fighting       | |  4.9
Dodging        | |  2.7
Invocations    | |  2.0

Action                   |  1- 3 |  4- 6 || total
-------------------------+-------+-------++-------
Melee: Mace              |    96 |    20 ||   116
Throw: Javelin           |    23 |     5 ||    28
Invok: Bend Space        |       |     1 ||     1
  Use: Scroll            |     4 |       ||     4
       Potion            |     3 |       ||     3
  Eat: Chunk             |     3 |       ||     3
Armor: Robe              |    24 |       ||    24
Dodge: Dodged            |    64 |    12 ||    76

Table legend:
 A = Spawn XP
 B = Non-spawn XP
 C = Spawn XP percentage of total XP
 D = Spawn monster count
 E = Non-spawn monster count
 F = Spawn count percentage of total count
 G = Total turns spent on level
                    A         B        C        D         E        F      G
               +---------+---------+-------+---------+---------+-------+---------
         Total |       0 |      99 |   0.0 |       0 |      40 |   0.0 |  1796
               +---------+---------+-------+---------+---------+-------+---------
           D:1 |       0 |      25 |   0.0 |       0 |      14 |   0.0 |   779
           D:2 |       0 |      48 |   0.0 |       0 |      19 |   0.0 |   692
           D:3 |       0 |      26 |   0.0 |       0 |       7 |   0.0 |   278
               +---------+---------+-------+---------+---------+-------+---------
